 Dungeon Crawl Stone Soup version 0.30.0-29-ga12c61a403 (webtiles) character file.

Game seed: 8902246435505852045

147 Peloso the Trooper (level 5, -3/47 HPs)
             Began as a Minotaur Fighter on June 25, 2023.
             Slain by a mummy (7 damage)
             ... in an ossuary.
             The game lasted 00:04:17 (2217 turns).

Peloso the Trooper (Minotaur Fighter)               Turns: 2217, Time: 00:04:17

Health: -3/47      AC: 10    Str: 26    XL:     5   Next: 8%
Magic:  4/4        EV:  8    Int:  5    God:
Gold:   84         SH:  5    Dex: 12    Spells: 4/4 levels left

rFire   . . .        a - +0 long sword
rCold   . . .        d - +0 buckler
rNeg    . . .        p - +0 chain mail
rPois   .            (helmet restricted)
rElec   .            c - +0 cloak
rCorr   +            (no gloves)
SInv    .            (no boots)
Will    .....        (no amulet) Stlth
                     h - +6 ring of strength
HPRegen 0.27/turn    l - ring of resist corrosion
MPRegen 0.09/turn

%: no passive effects
@: no status effects
A: horns 2, retaliatory headbutt
a: no special abilities


You were in an ossuary.
You visited 1 branch of the dungeon, and saw 4 of its levels.
You also visited: Ossuary.

You collected 96 gold pieces.
You spent 12 gold pieces at shops.

Inventory:

Hand Weapons
 a - a +0 long sword (weapon)
Armour
 b - a +0 scale mail
 c - a +0 cloak (worn)
 d - a +0 buckler (worn)
 p - a +0 chain mail (worn)
Jewellery
 f - a ring of magical power
 h - a +6 ring of strength (left hand)
 l - a ring of resist corrosion (right hand)
Wands
 t - a wand of light (7)
 u - a wand of roots (8)
Scrolls
 e - a scroll of magic mapping {unknown}
 g - 2 scrolls of identify {unknown}
 i - a scroll of amnesia {unknown}
 k - a scroll of teleportation {unknown}
 o - a scroll of poison {unknown}
 q - a scroll of enchant weapon {unknown}
 r - a scroll of fog {unknown}
 s - a scroll of noise {unknown}
 v - a scroll of fear {unknown}
Potions
 j - 2 potions of curing
 m - a potion of haste
 n - 2 potions of might


   Skills:
 + Level 4.5 Fighting
 + Level 4.2 Long Blades
 + Level 4.5 Armour
 + Level 0.7 Dodging
 + Level 0.1 Stealth
 + Level 4.3 Shields


You had 4 spell levels left.
You didn't know any spells.
Your spell library contained the following spells:

 Spells                   Type           Power      Damage    Failure   Level
 Cigotuvi's Dreadful Rot  Necr/Pois/Air  0%         N/A       99%         2
 Ignite Poison            Fire/Tmut/Pois 0%         N/A       100%        3
 Freezing Cloud           Conj/Ice/Air   0%         6-21      100%        5


Dungeon Overview and Level Annotations

Branches:
Dungeon (4/15)            Ossuary (1/1)
 Temple: D:4-7

Altars:

Shops:
D:2 !


Innate Abilities, Weirdness & Mutations

You have a pair of horns on your head.
You reflexively headbutt those who attack you in melee.


Message History

You slash the mummy!
The mummy is heavily damaged.
You hit the mummy but do no damage.
The mummy is heavily damaged.
The mummy barely misses you. You furiously retaliate!
You headbutt the mummy. The mummy barely misses you.
You hit the mummy.
The mummy is severely damaged.
The mummy barely misses you. The mummy hits you but does no damage.
You slash the mummy!
You destroy the mummy!
The mummy misses you.
You hit the mummy.
The mummy is moderately damaged.
The mummy hits you!
You hit the mummy but do no damage. You headbutt the mummy!
The mummy is almost destroyed.
The mummy hits you.
You hit the mummy.
You destroy the mummy!
You have reached level 5!
HP restored. 2 mummies come into view.
You hit the mummy but do no damage.
You headbutt the mummy, but do no damage.
The mummy hits you!
You closely miss the mummy. You block the mummy's attack.
You barely miss the mummy. The mummy hits you! x2
* * * LOW HITPOINT WARNING * * *
You hit the mummy.
The mummy is moderately damaged.
The mummy barely misses you.
You hit the mummy.
The mummy is heavily damaged.
You block the mummy's attack. The mummy hits you!
* * * LOW HITPOINT WARNING * * *
You hit the mummy.
The mummy is severely damaged.
The mummy hits you!
You die...

#....#
#....#
#....#
#....#
#....#
#....#
#....#
#..MM#
#.∩∩@#
######


You could see 2 mummies.

Vanquished Creatures
  An orc wizard (D:3)
  2 mummies (Ossuary)
  2 adders (D:3)
  2 worms
  2 dart slugs
  4 orcs (D:3)
  A bat (D:3)
  7 endoplasms
  3 giant cockroaches (D:1)
  2 gnoll zombies (Ossuary)
  6 goblins
  4 hobgoblins
  7 jackals
  2 quokkas
  3 ball pythons
  2 frilled lizards
  A hobgoblin zombie (Ossuary)
  4 kobolds
  2 kobold zombies (Ossuary)
  2 orc zombies (Ossuary)
  3 rats
62 creatures vanquished.

Notes
Turn   | Place    | Note
-------+----------+-------------------------------------------
     0 | D:1      | Peloso the Minotaur Fighter began the quest for the Orb.
     0 | D:1      | Reached XP level 1. HP: 19/19 MP: 0/0
   195 | D:1      | Reached XP level 2. HP: 26/27 MP: 1/1
   640 | D:2      | Reached XP level 3. HP: 33/33 MP: 2/2
  1047 | D:2      | Found Gucrelah's Distillery.
  1051 | D:2      | Bought a potion of degeneration for 12 gold pieces
  1183 | D:2      | Found a faded altar of an unknown god.
  1235 | D:3      | Identified the +2 robe of Zicsus {rElec rN+ Str+3}
  1410 | D:3      | Reached XP level 4. HP: 35/40 MP: 3/3
  2067 | D:4      | Found a sand-covered staircase.
  2075 | Ossuary  | Entered an ossuary
  2131 | Ossuary  | Reached XP level 5. HP: 31/47 MP: 4/4
  2217 | Ossuary  | Slain by a mummy

Illustrated notes

Levels and vault maps discovered:
D:1:      minmay_arrival_four_houses, layout_rooms
D:2:      layout_basic, serial_shops, nicolae_shop_window_shopping,
          dreamdust_ecumenical_altar_hidden_monk_grotto
D:3:      layout_basic
D:4:      layout_loops_ring, lightli_ossuary_entry_decrepit_ruins,
          minmay_pentangle
Ossuary:  ossuary_tomb_3

Skill      XL: |  1  2  3  4 |
---------------+-------------+-----
Shields        | 4 |  4.3
Fighting       | 4 |  4.5
Armour         | 4 |  4.5
Long Blades    | 3 4 |  4.2
Dodging        | |  0.7
Stealth        | |  0.1

Action                     |  1- 3 |  4- 6 || total
---------------------------+-------+-------++-------
  Melee: Long sword        |    89 |    55 ||   144
         Headbutt          |    14 |    12 ||    26
    Use: Potion            |     5 |     1 ||     6
 Armour: Scale mail        |    42 |       ||    42
         Chain mail        |    13 |    30 ||    43
  Dodge: Dodged            |    41 |    19 ||    60
  Block: Buckler           |    21 |    11 ||    32
